 Dungeon Crawl Stone Soup version 0.23-a0-265-g9c2c487a97 (webtiles) character file.

6936 Nurxa the Grappler (level 10, -5/103 HPs)
             Began as a White Draconian Transmuter on Sept 30, 2018.
             Was a Follower of Makhleb.
             Slain by a troll (14 damage)
             ... on level 10 of the Dungeon.
             The game lasted 00:48:55 (8322 turns).

Nurxa the Grappler (White Draconian Transmuter)     Turns: 8322, Time: 00:48:57

Health: -5/103     AC:  6    Str: 13    XL:     10   Next: 80%
Magic:  20/22      EV: 11    Int: 17    God:    Makhleb [*.....]
Gold:   618        SH:  0    Dex: 11    Spells: 3/13 levels left

rFire    x . .     SeeInvis .     - Unarmed
rCold    + + +     Gourm    .   (shield currently unavailable)
rNeg     . . .     Faith    .   (armour unavailable)
rPois    +         Spirit   .   (helmet currently unavailable)
rElec    .         Reflect  .   (cloak currently unavailable)
rCorr    .         Harm     .   (gloves currently unavailable)
MR       .....                  (boots currently unavailable)
Stlth    +.........             s - amulet of magic regeneration
HPRegen  0.27/turn              k - +6 ring of slaying
MPRegen  0.43/turn              I - ring of magical power

@: ice-form, flying
A: large, (breathe frost), unfitting armour, AC +7
a: End Transformation, Renounce Religion


You were on level 10 of the Dungeon.
You worshipped Makhleb.
Makhleb was aware of your devotion.
You were very hungry.
You were a creature of crystalline ice.
You visited 2 branches of the dungeon, and saw 11 of its levels.

You collected 618 gold pieces.

Inventory:

Missiles
 a - 215 arrows
 H - 4 silver tomahawks (quivered)
Armour
 q - a +0 pair of boots (melded)
 F - a +0 cloak (melded)
Jewellery
 b - an uncursed amulet of rage
 k - a +6 ring of slaying (left front paw)
 r - an uncursed ring of teleportation
 s - an amulet of magic regeneration (around neck)
 I - a ring of magical power (right front paw)
Wands
 w - a wand of paralysis (9)
 y - a wand of scattershot (3)
 K - a wand of flame (16)
Scrolls
 d - 9 scrolls of identify {unknown}
 e - 2 scrolls of amnesia {unknown}
 f - 2 scrolls of fog {unknown}
 g - 3 scrolls of fear {unknown}
 i - 2 scrolls of noise {unknown}
 l - a scroll of enchant armour {unknown}
 n - 3 scrolls of random uselessness {unknown}
 u - 2 scrolls of magic mapping {unknown}
 B - a scroll of remove curse
 C - a scroll of enchant weapon {unknown}
 E - a scroll of vulnerability {unknown}
 G - a scroll of teleportation {unknown}
 J - a scroll of torment {unknown}
Potions
 h - a potion of agility
 j - a potion of flight
 m - 6 potions of brilliance
 o - 2 potions of heal wounds {unknown}
 p - 2 potions of curing {unknown}
 t - a potion of berserk rage {unknown}
 v - a potion of lignification {unknown}
 x - a potion of might {unknown}
 z - a potion of haste {unknown}
 A - a potion of mutation {unknown}
 D - a potion of invisibility {unknown}
Comestibles
 c - 12 rations


   Skills:
 - Level 7.5 Fighting
 * Level 3.4 Dodging
 + Level 11.3 Unarmed Combat
 - Level 2.0 Spellcasting
 - Level 9.0 Transmutations
 - Level 5.1 Ice Magic
 - Level 1.1 Poison Magic
 - Level 0.3 Evocations


You had 3 spell levels left.
You knew the following spells:

 Your Spells              Type           Power        Failure   Level  Hunger
a - Beastly Appendage     Tmut           ####..       1%          1    #......
b - Sticks to Snakes      Tmut           ####....     1%          2    ###....
c - Spider Form           Tmut/Pois      ###.......   7%          3    ###....
d - Ice Form              Ice/Tmut       ####....     11%         4    #####..

Your spell library contained the following spells:

 Spells                   Type           Power        Failure   Level  Hunger
 Freeze                   Ice            ###.         2%          1    #......
 Throw Frost              Conj/Ice       ##....       11%         2    ###....
 Flame Tongue             Conj/Fire      #....        19%         1    #......
 Shock                    Conj/Air       #...         19%         1    #......
 Ozocubu's Armour         Chrm/Ice       ##......     21%         3    ###....
 Swiftness                Chrm/Air       #.......     28%         2    ###....
 Throw Flame              Conj/Fire      #.....       28%         2    ###....
 Conjure Flame            Conj/Fire      #.......     50%         3    ###....
 Inner Flame              Hex/Fire       #.......     50%         3    ###....
 Static Discharge         Conj/Air       #.......     50%         3    ###....
 Blade Hands              Tmut           ####......   13%         5    ######.
 Summon Ice Beast         Ice/Summ       ##......     56%         4    #####..
 Throw Icicle             Conj/Ice       ##......     56%         4    #####..
 Airstrike                Air            #.........   88%         4    #####..
 Sticky Flame             Conj/Fire      #.......     88%         4    #####..
 Fireball                 Conj/Fire      #.........   99%         5    ######.
 Lightning Bolt           Conj/Air       #.........   99%         5    ######.


Dungeon Overview and Level Annotations

Branches:
Dungeon (10/15)            Temple (1/1) D:4
   Lair: D:8-11         Orc: D:9-12

Altars:
Ashenzari
Cheibriados
Dithmenos
Elyvilon
Fedhas
Gozag
Hepliaklqana
Kikubaaqudgha
Makhleb
Nemelex Xobeh
Okawaru
Qazlal
Ru
Sif Muna
Trog
Uskayaw
Vehumet
Wu Jian
Xom
Yredelemnul
Zin
The Shining One

Shops:
D:5 }?:(%   D:9 ?

Annotations:
D:5 2 transporters, Ablot's ghost, novice GnSk
D:9 3 runed doors, grizmgrazm2's ghost, novice DrTm


Innate Abilities, Weirdness & Mutations

((You can breathe waves of freezing cold.))
((You can buffet flying creatures when you breathe cold.))
((Your icy white scales are hard. (AC +7)))
You cannot fit into any form of body armour.
((Your flesh is cold resistant. (rC+)))
((You are cold-blooded and may be slowed by cold attacks.))


Message History

The troll closely misses you. x2
There is a stone staircase leading up, spattered with blood here.
The troll bites you! The troll barely misses you. The troll claws you.
You punch the yak! You freeze the yak.
The yak is moderately wounded.
The yak gores you! The troll bites you!
* * * LOW HITPOINT WARNING * * *
The troll claws you!
* * * LOW HITPOINT WARNING * * *
The troll claws you!
* * * LOW HITPOINT WARNING * * *
Okay, then.
Okay, then.
It was a potion of flight.
You feel very buoyant.
You fly up into the air.
A vampire comes into view.
The yak gores you but does no damage. The troll misses you.
The troll claws you!
You die...

#.. #..# #..# #..#
..# #..# #..# #..#
#..# #..# #..#
#..# #..# #..#
#..# #..# ###..#
#..####..# .....#
#......TY#
.....####.......Y#
......).)..####..#
...........# #..#
.....####..# #..#
.....# #..# #..V
.....# #..# #..##
.....# #..# #..#
.....# #..# #..#
.....# #..#


You could see a yak, a troll and a vampire (wandering).

Vanquished Creatures
  2 two-headed ogres (D:9)
  2 trolls
  A hippogriff (D:5)
  9 yaks
  A hungry ghost (D:5)
  4 orc warriors
  2 sky beasts
  2 ice beasts (D:6)
  A black bear (D:6)
  5 ogres
  2 phantoms
  3 centaurs
  5 bullfrogs
  A water moccasin zombie (D:7)
  3 killer bees (D:9)
  2 scorpions (D:5)
  5 wights (D:7)
  3 howler monkeys
  3 crimson imps
  A centaur zombie (D:9)
  A bullfrog zombie (D:6)
  2 orc priests (D:9)
  7 orc wizards
  4 hounds
  3 jellies
  Jessica (D:2)
  Terence (D:2)
  3 iguanas
  Natasha (D:4)
  3 worker ants
  A worker ant zombie (D:5)
  10 adders
  4 shadow imps
  An ooze (D:4)
  An adder zombie (D:5)
  A dart slug (D:4)
  6 leopard geckos
  27 orcs
  3 ball pythons
  6 bats
  A giant cockroach (D:5)
  7 goblins
  8 hobgoblins
  17 jackals
  2 kobolds
  5 quokkas
  2 frilled lizards (D:2)
  A quokka skeleton (D:5)
  11 rats
197 creatures vanquished.

Vanquished Creatures (collateral kills)
  An adder (D:2)
  An orc (D:2)
  A goblin (D:2)
  A hobgoblin (D:2)
  A frilled lizard (D:2)
  A rat (D:2)
6 creatures vanquished.

Vanquished Creatures (others)
  A leopard gecko (D:2)
1 creature vanquished.

Grand Total: 204 creatures vanquished

Notes
Turn   | Place    | Note
-------+----------+-------------------------------------------
     0 | D:1      | Nurxa the Draconian Transmuter began the quest for the Orb.
     0 | D:1      | Reached XP level 1. HP: 16/16 MP: 3/3
   684 | D:2      | Reached XP level 2. HP: 23/23 MP: 5/5
   848 | D:2      | Reached skill level 4 in Unarmed Combat
   849 | D:2      | Reached XP level 3. HP: 25/28 MP: 6/6
   866 | D:2      | Learned a level 2 spell: Sticks to Snakes
  1102 | D:2      | Noticed Terence
  1117 | D:2      | Killed Terence
  1416 | D:2      | Noticed Jessica
  1421 | D:2      | Killed Jessica
  1421 | D:2      | Reached XP level 4. HP: 35/35 MP: 5/7
  1557 | D:2      | Learned a level 3 spell: Spider Form
  1620 | D:3      | Reached skill level 5 in Unarmed Combat
  1626 | D:3      | Reached XP level 5. HP: 29/40 MP: 5/8
  2009 | D:3      | Found a faded altar of an unknown god.
  2009 | D:3      | Found an opulent altar of Gozag.
  2014 | D:3      | Found a faded altar of an unknown god.
  2016 | D:3      | Found a snail-covered altar of Cheibriados.
  2018 | D:3      | Found a radiant altar of Vehumet.
  2147 | D:3      | Found a faded altar of an unknown god.
  2741 | D:4      | Reached skill level 6 in Unarmed Combat
  2741 | D:4      | Reached XP level 6. HP: 45/47 MP: 9/9
  2790 | D:4      | Reached skill level 1 in Poison Magic
  2856 | D:4      | Found a staircase to the Ecumenical Temple.
  2873 | Temple   | Entered the Ecumenical Temple
  3136 | D:4      | Noticed Natasha
  3144 | D:4      | Killed Natasha
  3390 | D:5      | Entered Level 5 of the Dungeon
  3394 | D:5      | Found Weudaci's Magic Scroll Emporium.
  3396 | D:5      | Found Ugunirei's Book Boutique.
  3403 | D:5      | Reached skill level 5 in Transmutations
  3409 | D:5      | Noticed a hungry ghost
  3445 | D:5      | Killed a hungry ghost
  3445 | D:5      | Your scales start taking on an icy white colour.
  3445 | D:5      | Reached XP level 7. HP: 41/52 MP: 10/10
  3445 | D:5      | Gained mutation: Your flesh is cold resistant. (rC+) [White
                  | Draconian growth]
  3477 | D:5      | Found Bikuewea's Antique Weapon Shop.
  3554 | D:5      | Noticed a hippogriff
  3566 | D:5      | Killed a hippogriff
  3702 | D:5      | Found Keblaid's Food Emporium.
  3722 | D:5      | Reached XP level 8. HP: 61/61 MP: 11/11
  3768 | D:5      | Found a transporter.
  3768 | D:5      | Noticed Ablot's ghost (novice GnSk)
  3795 | D:5      | Found a transporter.
  4044 | D:5      | Found Voamn's Gadget Emporium.
  4168 | D:6      | Reached skill level 5 in Fighting
  4593 | D:6      | Reached XP level 9. HP: 67/79 MP: 12/12
  4703 | D:6      | Learned a level 4 spell: Ice Form
  4817 | D:6      | Found a glowing golden altar of the Shining One.
  5107 | D:7      | Reached skill level 1 in Ice Magic
  5170 | D:7      | Reached skill level 7 in Unarmed Combat
  5776 | D:8      | Found a hazy altar of Hepliaklqana.
  6259 | D:9      | Found a burning altar of Makhleb.
  6260 | D:9      | Found a stormy altar of Qazlal.
  6264 | D:9      | Found a shimmering altar of Xom.
  6264 | D:9      | Found a white marble altar of Elyvilon.
  6265 | D:9      | Found a shattered altar of Ashenzari.
  6265 | D:9      | Found a hide-covered altar of Uskayaw.
  6275 | D:9      | Reached skill level 8 in Unarmed Combat
  6678 | D:9      | Reached skill level 9 in Unarmed Combat
  6686 | D:9      | Found a shadowy altar of Dithmenos.
  6691 | D:9      | Became a worshipper of Makhleb the Destroyer
  6735 | D:9      | Reached XP level 10. HP: 81/86 MP: 13/13
  6825 | D:9      | Noticed a two-headed ogre
  6848 | D:9      | Killed a two-headed ogre
  6904 | D:9      | Noticed a death knight
  6906 | D:9      | Noticed a centaur warrior
  6908 | D:9      | Found a runed gate.
  6908 | D:9      | Found a runed gate.
  6908 | D:9      | Found a runed gate.
  6914 | D:9      | Noticed grizmgrazm2's ghost (novice DrTm)
  6944 | D:9      | Found Ymiricua's Magic Scroll Emporium.
  6982 | D:9      | Found a blossoming altar of Fedhas.
  6983 | D:9      | Found an ancient bone altar of Kikubaaqudgha.
  7036 | D:9      | Reached skill level 5 in Ice Magic
  7041 | D:9      | Reached skill level 10 in Unarmed Combat
  7066 | D:9      | Noticed a two-headed ogre
  7081 | D:9      | Killed a two-headed ogre
  7531 | D:10     | Entered Level 10 of the Dungeon
  8016 | D:10     | Reached skill level 11 in Unarmed Combat
  8063 | D:10     | Reached * piety under Makhleb
  8322 | D:10     | Slain by a troll

Vault maps used:
D:1:      dpeg_arrival_ratfight
D:2:      lemuel_another_geyser, uniq_jessica, uniq_terence
D:3:      chequers_temple_overflow_minitemple,
          chequers_ecumenical_altar_simple_redux, first_ration,
          guppyfry_early_orc_mine
D:4:      minmay_temple_entry_junction_2, uniq_natasha
D:5:      gammafunk_ghost_mausoleum, serial_shops, shop,
          nicolae_shop_window_shopping, shop, shop_scrolls, shop
D:6:      tso_metal_star
D:8:      basic_altar
D:9:      grunt_temple_overflow_growth_and_decay, grunt_temple_overflow_open,
          gammafunk_ghost_split, serial_shops, nicolae_shop_trees,
          grunt_pizzeria
D:10:     erik_lair_island, brannock_xom_greatest_gift
Temple:   nicolae_temple_figure_zero

Skill      XL: |  1  2  3  4  5  6  7  8  9 10 |
---------------+-------------------------------+-----
Unarmed Combat | 4 5 6 9 11 | 11.3
Transmutations | 3 5 7 8 9 |  9.0
Poison Magic   | 1 |  1.1
Fighting       | 2 7 |  7.5
Ice Magic      | 4 5 |  5.1
Dodging        | 3 |  3.4
Spellcasting   | |  2.0
Evocations     | |  0.3

Action                   |  1- 3 |  4- 6 |  7- 9 | 10-12 || total
-------------------------+-------+-------+-------+-------++-------
Melee: Unarmed           |    94 |   164 |   236 |    75 ||   569
       Tailslap          |     8 |    11 |     9 |     1 ||    29
       Headbutt          |     2 |     1 |     5 |       ||     8
       Punch             |     3 |     1 |     1 |       ||     5
       Kick              |       |     1 |       |       ||     1
 Cast: Beastly Appendage |     5 |     6 |     6 |       ||    17
       Sticks to Snakes  |     4 |     3 |     6 |       ||    13
       Spider Form       |       |    13 |    15 |     9 ||    37
       Ice Form          |       |       |     2 |     3 ||     5
 Abil: Evoke Berserk Rag |     1 |       |       |       ||     1
Evoke: Wand              |       |       |       |     1 ||     1
  Use: Scroll            |     1 |     1 |       |       ||     2
       Potion            |       |     4 |     1 |     1 ||     6
 Stab: Distracted        |     1 |       |       |       ||     1
       Sleeping          |       |       |     1 |       ||     1
  Eat: Chunk             |     3 |     8 |    10 |     3 ||    24
       Ration            |       |     1 |     1 |     1 ||     3
Armor: Skin              |    30 |    27 |    32 |     4 ||    93
Dodge: Dodged            |    70 |   102 |   152 |    55 ||   379

Table legend:
 A = Non-vault XP
 B = Vault XP
 C = Vault XP percentage of total XP
 D = Non-vault monster count
 E = Vault monster count
 F = Vault count percentage of total count
                 A         B        C        D         E       F
            +---------+---------+-------+---------+---------+-------
      Total |    9805 |     104 |   1.0 |     188 |      15 |   7.4
            +---------+---------+-------+---------+---------+-------
        D:1 |       6 |       5 |  45.5 |       4 |       5 |  55.6
        D:2 |      64 |      48 |  42.9 |      26 |       2 |   7.1
        D:3 |     185 |      16 |   8.0 |      28 |       7 |  20.0
        D:4 |     282 |      35 |  11.0 |      12 |       1 |   7.7
        D:5 |    1063 |       0 |   0.0 |      19 |       0 |   0.0
        D:6 |    1366 |       0 |   0.0 |      36 |       0 |   0.0
        D:7 |     823 |       0 |   0.0 |      17 |       0 |   0.0
        D:8 |     953 |       0 |   0.0 |      10 |       0 |   0.0
        D:9 |    4148 |       0 |   0.0 |      28 |       0 |   0.0
       D:10 |     915 |       0 |   0.0 |       8 |       0 |   0.0
            +---------+---------+-------+---------+---------+-------
